 Dungeon Crawl Stone Soup version 0.22-a0-42-g002c468 (webtiles) character file.

256 Lanoc the Firebug (level 6, 0/44 HPs)
             Began as a Naga Fire Elementalist on Jan 5, 2018.
             Was an Initiate of Cheibriados.
             Slain by an orc priest
             ... wielding a +0 flail
              (2 damage)
             ... on level 4 of the Dungeon.
             The game lasted 00:17:07 (3319 turns).

Lanoc the Firebug (Naga Fire Elementalist)          Turns: 3319, Time: 00:17:10

Health: 0/44       AC:  3    Str: 11    XL:     6   Next: 16%
Magic:  6/10       EV: 10    Int: 23    God:    Cheibriados [......]
Gold:   91         SH:  0    Dex: 13    Spells: 6/11 levels left

rFire    . . .     SeeInvis +   (no weapon)
rCold    . . .     Gourm    .   (no shield)
rNeg     . . .     Faith    .   a - +0 robe
rPois    +         Spirit   .   (no helmet)
rElec    .         Reflect  .   (no cloak)
rCorr    .         Harm     .   (no gloves)
MR       .....                  (no barding)
Stlth    ++........             (no amulet)
HPRegen  0.14/turn              d - +1 ring of slaying
MPRegen  0.12/turn              (no ring)

@: brilliant, very slow
A: large, see invisible, deformed body, frail 1, poison resistance, slowness 2,
slow metabolism 1, spit poison 1, AC +2
a: Spit Poison, Bend Time, Renounce Religion


You were on level 4 of the Dungeon.
You worshipped Cheibriados.
Cheibriados was noncommittal.
You were not hungry.

You visited 2 branches of the dungeon, and saw 5 of its levels.

You collected 91 gold pieces.

Inventory:

Armour
 a - a +0 robe (worn)
Jewellery
 d - a +1 ring of slaying (left hand)
 q - an uncursed ring of ice
Scrolls
 f - a scroll of immolation {unknown}
 k - a scroll of fear
 l - a scroll of blinking {unknown}
 n - a scroll of remove curse
 o - a scroll of noise {unknown}
Potions
 e - 2 potions of resistance
 g - 3 potions of agility
 h - 3 potions of curing
 i - 3 potions of ambrosia
 m - a potion of degeneration
 p - a potion of heal wounds {unknown}
Books
 b - a book of Flames

   Spells                             Type                      Level
   a - Flame Tongue                   Conjuration/Fire             1
   b - Throw Flame                    Conjuration/Fire             2
   c - Conjure Flame                  Conjuration/Fire             3
   d - Inner Flame                    Hexes/Fire                   3
   e - Sticky Flame                   Conjuration/Fire             4
   f - Fireball                       Conjuration/Fire             5
Comestibles
 c - 4 rations


   Skills:
 + Level 2.6 Dodging
 - Level 3.0 Stealth
 + Level 3.0 Spellcasting
 + Level 2.7 Conjurations
 * Level 4.8 Fire Magic


You had 6 spell levels left.
You knew the following spells:

 Your Spells              Type           Power        Failure   Level  Hunger
a - Flame Tongue          Conj/Fire      ####.        1%          1    None
b - Sticky Flame          Conj/Fire      ####....     3%          4    ####...


Dungeon Overview and Level Annotations

Branches:
Dungeon (4/15)             Temple (1/1) D:4

Altars:
Cheibriados
Gozag
Hepliaklqana
Kikubaaqudgha
Nemelex Xobeh
Okawaru
Qazlal
Ru
Sif Muna
Uskayaw
Vehumet
Wu Jian
Xom
Yredelemnul
Zin
The Shining One


Innate Abilities, Weirdness & Mutations

You cannot wear boots.
Your serpentine skin is tough. (AC +2)
You have supernaturally acute eyesight. (SInv)
Armour fits poorly on your strangely shaped body.
Your system is resistant to poisons. (rPois)
You cover ground very slowly.
You have a slow metabolism.
You can spit poison.
You are frail. (-10% HP)


Message History

* * * LOW HITPOINT WARNING * * *
The hound bites you but does no damage.
Okay, then.
You can't do that yet.
Unknown command.
Unknown command.
Wield which item (- for none, * to show all)? (? for menu, Esc to quit)
j - a white potion (in hand)
The bullfrog skeleton hits you but does no damage.
The hound bites you.
* * * LOW HITPOINT WARNING * * *
It was a potion of brilliance.
You feel clever all of a sudden.
You are now empty-handed.
You have got your breath back.
The bullfrog skeleton barely misses you.
The hound bites you but does no damage. The orc closely misses you.
The orc priest hits you with a flail.
You die...
Xom thinks this is hilarious!

.##.##.# #.#####....#.#
.......# #............#
#####.## ########...###
#####.# #...# #...#.#
##### #...#
......###...#####...######
..........................
......###.......oZ.......
....#.# ##......@o.......
.####.# ########h..#####
## #.# ###.).### ####.#
#.......# #..#.#
#......>.... ###.#.#
#...)....### ###.#.#
#........... 8#....#
#........##. ##..###
#........>.


You could see a hound, an orc priest, an orc and a bullfrog skeleton.

Vanquished Creatures
  An orc priest (D:2)
  An orc wizard (D:4)
  A gnoll (D:1)
  8 adders
  An ooze (D:3)
  7 worms
  5 leopard geckos
  7 orcs
  5 giant cockroaches
  14 goblins
  4 hobgoblins
  9 kobolds
  5 bats
  6 frilled lizards
  11 rats
85 creatures vanquished.

Notes
Turn   | Place    | Note
-------+----------+-------------------------------------------
     0 | D:1      | Lanoc the Naga Fire Elementalist began the quest for the Orb.
     0 | D:1      | Reached XP level 1. HP: 15/15 MP: 3/3
   223 | D:1      | Reached XP level 2. HP: 22/22 MP: 5/5
   467 | D:1      | Reached XP level 3. HP: 28/28 MP: 3/6
   846 | D:1      | Reached XP level 4. HP: 29/36 MP: 0/7
  1108 | D:2      | Found a faded altar of an unknown god.
  1123 | D:2      | Became a worshipper of Xom of Bloodstained Whimsey
  1165 | D:2      | XOM: divination: detect items
  1334 | D:2      | XOM: divination: magic mapping
  1344 | D:2      | Reached skill level 4 in Fire Magic
  1350 | D:2      | Reached XP level 5. HP: 42/42 MP: 0/9
  1506 | D:2      | Found a glowing golden altar of the Shining One.
  1554 | D:2      | XOM: harmless Conj miscast
  1589 | D:2      | XOM: harmless Hex miscast
  1955 | D:3      | XOM: divination: detect items
  2031 | D:3      | Learned a level 4 spell: Sticky Flame
  2100 | D:3      | XOM: harmless Tloc miscast
  2763 | D:3      | XOM is BORED!
  2763 | D:3      | XOM: noise
  2807 | D:4      | Found a staircase to the Ecumenical Temple.
  2813 | Temple   | Entered the Ecumenical Temple
  3042 | Temple   | Fell from the grace of Xom
  3042 | Temple   | Became a worshipper of Cheibriados the Contemplative
  3097 | D:4      | XOM: severe Tloc miscast
  3122 | D:4      | Reached XP level 6. HP: 49/49 MP: 5/10
  3168 | D:4      | Gained mutation: You are frail. (-10% HP) [mutagenic glow]
  3274 | D:4      | Found a sacrificial altar of Ru.
  3274 | D:4      | Found an ornate altar of the Wu Jian Council.
  3318 | D:4      | HP: 2/44 [hound (4)]
  3319 | D:4      | Slain by an orc priest

Vault maps used:
D:1:      dpeg_arrival_court
D:2:      first_ration, chequers_ecumenical_altar_simple,
          nicolae_tso_carved_into_rock
D:4:      nicolae_overflow_hidden_temple, minmay_temple_entry_purple_smoke,
          minmay_ogre_servants
Temple:   eino_temple_water

Skill      XL: |  1  2  3  4  5 |
---------------+----------------+-----
Dodging        | 2 |  2.6
Conjurations   | 2 |  2.7
Fire Magic     | 4 |  4.8
Spellcasting   | 3 |  3.0
Stealth        | |  3.0

Action                   |  1- 3 |  4- 6 || total
-------------------------+-------+-------++-------
Melee: Unarmed           |     1 |     1 ||     2
 Cast: Flame Tongue      |    36 |    84 ||   120
 Abil: Spit Poison       |    19 |    47 ||    66
  Use: Scroll            |       |    10 ||    10
       Potion            |       |     1 ||     1
  Eat: Chunk             |     1 |    10 ||    11
Armor: Robe              |     5 |    15 ||    20
Dodge: Dodged            |    13 |    29 ||    42

Table legend:
 A = Spawn XP
 B = Non-spawn XP
 C = Spawn XP percentage of total XP
 D = Spawn monster count
 E = Non-spawn monster count
 F = Spawn count percentage of total count
 G = Total turns spent on level
                    A         B        C        D         E        F      G
               +---------+---------+-------+---------+---------+-------+---------
         Total |       0 |     367 |   0.0 |       0 |      85 |   0.0 |  3319
               +---------+---------+-------+---------+---------+-------+---------
           D:1 |       0 |      71 |   0.0 |       0 |      28 |   0.0 |   990
           D:2 |       0 |     106 |   0.0 |       0 |      23 |   0.0 |   784
           D:3 |       0 |     119 |   0.0 |       0 |      28 |   0.0 |   991
           D:4 |       0 |      71 |   0.0 |       0 |       6 |   0.0 |   309
               +---------+---------+-------+---------+---------+-------+---------
